 Dungeon Crawl Stone Soup version 0.28.0-47-ge53b351184 (webtiles) character file.

Game seed: 12202162322700382025

4995 pkoi the Martial Artist (level 10, -8/83 HPs)
             Began as a Demigod Gladiator on Apr 25, 2022.
             Mangled by a red devil
             ... wielding a +0 trident
             ... summoned by a kobold demonologist
              (9 damage)
             ... on level 8 of the Dungeon.
             The game lasted 00:20:30 (14230 turns).

pkoi the Martial Artist (Demigod Gladiator)        Turns: 14230, Time: 00:20:31

Health: -8/83      AC: 16    Str: 15    XL:     10   Next: 8%
Magic:  13/13      EV: 12    Int: 22    God:
Gold:   339        SH:  0    Dex: 18    Spells: 9/9 levels left

rFire   . . .      SeeInvis .     - Unarmed
rCold   . . .      Faith    .   e - orb {*Rage}
rNeg    . . .      Spirit   .   n - +3 scale mail "Lauqy" {Dex+3}
rPois   .          Reflect  .   b - +1 helmet
rElec   .          Harm     .   h - +1 cloak {Stlth+}
rCorr   .          Rampage  .   w - +0 pair of gloves
Will    +....      Rage     20% (no boots)
Stlth   +.........              (no amulet)
HPRegen 0.23/turn               (no ring)
MPRegen 0.13/turn               (no ring)

@: spiked, on berserk cooldown, slowed, studying Unarmed Combat, very slow
A: high MP 1, forlorn, divine attributes
a: no special abilities


You were on level 8 of the Dungeon.
You visited 2 branches of the dungeon, and saw 10 of its levels.

You collected 339 gold pieces.

Inventory:

Hand Weapons
 d - a +0 falchion
 y - a +2 dagger of holy wrath
Missiles
 c - 3 throwing nets (quivered)
 s - 4 javelins
 u - 12 poisoned darts
Armour
 a - a +0 leather armour
 b - a +1 helmet (worn)
 e - an orb of wrath (worn)
 h - a +1 cloak of stealth (worn)
 i - a +0 chain mail
 n - the +3 scale mail "Lauqy" (worn) {Dex+3}
   (You found it on level 4 of the Dungeon)

   Dex:       It affects your dexterity (+3).
 w - a +0 pair of gloves (worn)
Jewellery
 l - a ring of fire
 o - a ring of resist corrosion
Wands
 t - a wand of digging (3)
Scrolls
 q - a scroll of silence
 r - a scroll of enchant armour
 v - 2 scrolls of holy word
 x - a scroll of fear
Potions
 f - a potion of attraction
 g - 3 potions of curing
 j - a potion of heal wounds
 k - a potion of brilliance
 p - a potion of ambrosia
 z - a potion of invisibility


   Skills:
 + Level 5.9 Fighting
 - Level 0.1 Long Blades
 - Level 1.7 Throwing
 + Level 5.5 Armour
 + Level 6.3 Dodging
 + Level 11.0 Unarmed Combat


You had 9 spell levels left.
You didn't know any spells.
Your spell library contained the following spells:

 Spells                   Type           Power      Damage    Failure   Level
 Pain                     Necr           0%         1d4       52%         1
 Summon Guardian Golem    Hex/Summ       0%         N/A       87%         3
 Animate Dead             Necr           0%         N/A       99%         4
 Petrify                  Tmut/Erth      0%         N/A       99%         4
 Metabolic Englaciation   Hex/Ice        0%         N/A       100%        5
 Statue Form              Tmut/Erth      0%         N/A       100%        6
 Orb of Destruction       Conj           0%         9d5       100%        7
 Spellforged Servitor     Conj/Summ      0%         N/A       100%        7
 Death's Door             Necr           0%         N/A       100%        9


Dungeon Overview and Level Annotations

Branches:
Dungeon (9/15)             Temple (1/1) D:6
   Lair: D:8-11         Orc: D:9-12

Shops:
D:1 =((!(   D:6 *   D:7 (


Innate Abilities, Weirdness & Mutations

You have an increased reservoir of magic. (+10% MP)
You shall have no god before yourself.
Your divine heritage dramatically boosts your attributes as you level up.


Message History

The kobold demonologist closely misses you.
The red devil barely misses you. The kobold barely misses you.
The kobold demonologist gestures wildly while chanting.
The red devil completely misses you.
You punch the kobold demonologist!
The kobold demonologist is severely wounded.
The kobold completely misses you.
The kobold demonologist mumbles some strange words.
The red devil hits you from afar with a +1 trident of protection!
* * * LOW HITPOINT WARNING * * *
Barbed spikes become lodged in your body.
The kobold shouts!
You hit the kobold demonologist.
The kobold demonologist is severely wounded.
The kobold barely misses you.
The kobold demonologist hits you with a +0 dagger.
* * * LOW HITPOINT WARNING * * *
The red devil hits you from afar with a +1 trident of protection.
* * * LOW HITPOINT WARNING * * *
Barbed spikes become lodged in your body.
The red devil hits you from afar with a +0 trident.
* * * LOW HITPOINT WARNING * * *
Barbed spikes become lodged in your body.
The shadow imp barely misses you. The kobold completely misses you.
You hit the kobold demonologist.
The kobold demonologist is almost dead.
The kobold demonologist misses you. The red devil barely misses you.
The red devil hits you from afar with a +0 trident!
* * * LOW HITPOINT WARNING * * *
Barbed spikes become lodged in your body.
The shadow imp hits you but does no damage.
The kobold barely misses you.
You hit the kobold demonologist.
The kobold demonologist is almost dead.
The kobold demonologist hits you but does no damage.
The red devil hits you from afar with a +1 trident of protection!
* * * LOW HITPOINT WARNING * * *
Barbed spikes become lodged in your body.
The red devil hits you from afar with a +0 trident!
You die...

..........)...........#####.....#
......#...............#........##
.รท...###.......4................#
#.>..#####..>..K............##..#
#....<..................#######.#
#................K...#### #..
...............##45..# ##.
.....#######...K#K4..# #. ....##
##..5@#)>.# ## ....# ##...#)..#
#### ...## ##......## ##... ..##
#.......## ##.... ..# ##.#####..##
#..... (## #..# ##..####....# .#
#.## ##(......### ## ###
##.###..... # ### ######


You could see a kobold demonologist, 2 red devils, a quasit (summoned), a shadow
imp (summoned) and 2 kobolds.

Vanquished Creatures
  A death yak (D:8)
  An ugly thing (D:8)
  A troll (D:9)
  Prince Ribbit (D:5)
  Grinder (D:3)
  Sigmund (D:5)
  Grum (D:8)
  A steam dragon (D:6)
  Menkaure (D:7)
  3 water moccasins
  An acid dragon (D:8)
  An orc warrior (D:8)
  A black bear (D:4)
  2 ice beasts
  2 necrophages (D:6)
  4 wolves (D:8)
  5 ogres
  A centaur (D:5)
  2 kobold brigands (D:8)
  Blork the orc (D:5)
  2 scorpions
  A wyvern skeleton (D:7)
  A howler monkey (D:7)
  A bullfrog zombie (D:7)
  A lava snake (D:9)
  A centaur zombie (D:8)
  A jelly (D:6)
  2 orc priests
  3 hounds (D:4)
  4 orc wizards
  A killer bee zombie (D:6)
  A hound skeleton (D:5)
  2 howler monkey zombies
  5 gnolls
  9 adders
  A shadow imp (D:6)
  A white imp (D:7)
  4 ufetubi
  2 adder skeletons (D:4)
  A worm (D:4)
  27 orcs
  6 endoplasms
  3 giant cockroaches
  12 goblins
  7 hobgoblins
  4 jackals
  10 kobolds
  8 quokkas
  6 ball pythons
  2 bats (D:2)
  4 frilled lizards
  7 rats
172 creatures vanquished.

Vanquished Creatures (others)
  A plant (D:7)
1 creature vanquished.

Grand Total: 173 creatures vanquished

Notes
Turn   | Place    | Note
-------+----------+-------------------------------------------
     0 | D:1      | pkoi the Demigod Gladiator began the quest for the Orb.
     0 | D:1      | Reached XP level 1. HP: 17/17 MP: 3/3
   437 | D:1      | Reached skill level 3 in Unarmed Combat
   438 | D:1      | Found Taq Wozo's Weapon Shop.
   563 | D:1      | Reached XP level 2. HP: 21/24 MP: 4/4
   647 | D:1      | Found Kebuosk's Distillery.
   668 | D:1      | Found Aciesh's Weapon Boutique.
   688 | D:1      | Found Ymuiwnecza's Jewellery Emporium.
  1011 | D:1      | Found Xaek's Antique Weapon Shoppe.
  1301 | D:1      | Reached XP level 3. HP: 6/29 MP: 5/5
  1850 | D:2      | Reached skill level 4 in Unarmed Combat
  2965 | D:2      | Reached XP level 4. HP: 36/36 MP: 6/6
  3112 | D:3      | Noticed Grinder
  3113 | D:3      | Noticed an ice beast
  4275 | D:3      | Paralysed by Grinder for 4 turns
  4304 | D:4      | Noticed an ogre
  4312 | D:5      | Entered Level 5 of the Dungeon
  4665 | D:5      | Noticed Sigmund
  4697 | D:5      | Killed Sigmund
  4698 | D:5      | Reached skill level 1 in Armour
  4698 | D:5      | Reached skill level 5 in Unarmed Combat
  4698 | D:5      | Reached XP level 5. HP: 42/42 MP: 7/7
  4773 | D:5      | Noticed a centaur
  4782 | D:5      | Noticed Prince Ribbit
  4787 | D:5      | Killed a centaur
  4788 | D:5      | Reached XP level 6. HP: 48/50 MP: 8/8
  4796 | D:5      | Killed Prince Ribbit
  4801 | D:5      | Reached XP level 7. HP: 21/57 MP: 9/9
  5735 | D:5      | Reached skill level 6 in Unarmed Combat
  6407 | D:4      | Reached XP level 8. HP: 66/66 MP: 10/10
  6742 | D:4      | Identified the +3 scale mail "Lauqy" {Dex+3}
  7101 | D:3      | Reached skill level 7 in Unarmed Combat
  7550 | D:3      | Killed Grinder
  7864 | D:5      | Noticed Blork the orc
  7872 | D:5      | Killed Blork the orc
  7873 | D:5      | Reached skill level 8 in Unarmed Combat
  8384 | D:5      | Got the Volume of Dark Magic
  8928 | D:6      | Found Coesin's General Store.
  8997 | D:6      | Reached skill level 9 in Unarmed Combat
  9522 | D:6      | Found a staircase to the Ecumenical Temple.
  9696 | Temple   | Entered the Ecumenical Temple
  9973 | D:7      | Noticed Menkaure
  9981 | D:7      | Killed Menkaure
  9982 | D:7      | Reached XP level 9. HP: 71/71 MP: 11/11
 10381 | D:7      | Identified a scroll of acquirement
 10381 | D:7      | Acquired a manual of Unarmed Combat
 10481 | D:7      | Found Qiyjyg's Hydra Hut.
 10486 | D:7      | Noticed a seven-headed hydra
 10964 | D:7      | Reached skill level 5 in Dodging
 11397 | D:8      | Noticed a purple ugly thing
 11426 | D:8      | Killed a purple ugly thing
 11427 | D:8      | Reached skill level 5 in Fighting
 11427 | D:8      | Reached skill level 10 in Unarmed Combat
 11647 | D:8      | Noticed Grum
 11677 | D:8      | Killed Grum
 12227 | D:8      | Noticed a kobold demonologist
 12228 | D:8      | Noticed a smoke demon
 12245 | D:8      | Noticed a smoke demon
 12246 | D:8      | Reached skill level 5 in Armour
 13246 | D:9      | Noticed a wolf spider
 13254 | D:9      | Noticed a death yak
 13291 | D:8      | Killed a death yak
 13292 | D:8      | Reached XP level 10. HP: 39/83 MP: 13/13
 13548 | D:9      | Reached skill level 11 in Unarmed Combat
 13593 | D:9      | Noticed a deep elf pyromancer
 13595 | D:9      | Noticed a boulder beetle
 13597 | D:9      | Noticed a centaur warrior
 14230 | D:8      | HP: 1/83 [red devil/+1 trident of protection[a kobold
                  | demonologist] (15)]
 14230 | D:8      | Mangled by a red devil

Illustrated notes

Levels and vault maps discovered:
D:1:      psy_arrival_spokes, layout_loops_ring, serial_shops, shop_statue,
          shop_statue, shop, nicolae_diamond_shop,
          nicolae_shop_bloodbath_and_beyond, amcnicky_mini_rare_corridor_liquid
D:2:      layout_loops_cross, basic_altar,
          shapermc_ecumenical_altar_mp_vishouse, kennysheep_generic_room_12
D:3:      layout_basic, corexii_item_surrounded_by_moat, st_stairs_9,
          nicolae_elevator_lobby_plus, uniq_grinder
D:4:      layout_basic
D:5:      layout_basic, chequers_serial_rivers_small_3, grunt_ministairs_10,
          uniq_blork_the_orc, uniq_sigmund, uniq_prince_ribbit1
D:6:      layout_cave_pools, minmay_temple_entry_fiery, serial_shops,
          nicolae_lakefront_shop
D:7:      layout_basic, enter_bailey_2, doesnt_shop_hydraphobe, uniq_menkaure
D:8:      layout_layer_cave, marbit_many_paths, uniq_grum
D:9:      minmay_the_grid_square_5x5_3x3 [minmay_the_grid_square_5x5_tie,
          minmay_the_grid_square_5x5_inverted_slash,
          minmay_the_grid_square_5x5_half_checkered,
          minmay_the_grid_square_5x5_percent,
          minmay_the_grid_square_5x5_megaprize_diamond,
          minmay_the_grid_square_5x5_hollow_slash,
          minmay_the_grid_square_5x5_n_small,
          minmay_the_grid_square_5x5_minivault,
          minmay_the_grid_square_5x5_shrine2], layout_basic,
          mainiacjoe_overflow_brackets, dpeg_lair_monsters,
          gammafunk_ghost_smash, nrook_mini_vaults, kennysheep_island_fort
Temple:   mainiacjoe_temple_bowtie_tessellation

Skill      XL: |  1  2  3  4  5  6  7  8  9 10 |
---------------+-------------------------------+-----
Unarmed Combat | 3 4 5 6 9 10 11 | 11.0
Fighting       | 2 3 4 5 |  5.9
Armour         | 1 2 3 5 |  5.5
Dodging        | 3 4 6 |  6.3
Long Blades    | |  0.1
Throwing       | |  1.7

Action                   |  1- 3 |  4- 6 |  7- 9 | 10-12 || total
-------------------------+-------+-------+-------+-------++-------
Melee: Unarmed           |   167 |    56 |   505 |    40 ||   768
       Punch             |     2 |     1 |    11 |     1 ||    15
       Falchion          |       |    12 |       |       ||    12
  Use: Scroll            |       |     7 |    12 |       ||    19
 Stab: Distracted        |       |       |     1 |       ||     1
Armor: Leather armour    |    27 |       |       |       ||    27
       Chain mail        |    33 |    49 |    80 |       ||   162
       Scale mail        |       |       |   144 |    23 ||   167
Dodge: Dodged            |    76 |    33 |   214 |    40 ||   363
